PL
PHOENIX HOTSPUR @ ATLANTA SMOKE
09/24/2031
 
TOP OF THE 1ST
Phoenix Hotspur batting - Pitching for Atlanta Smoke : RHP Valentín Rivera
Pitching: RHP Valentín Rivera
Batting: RHB Kyle Bywaters 0-0: Fly out, F5 (Line Drive, 5)
Batting: RHB Roland Deschain 0-0: Foul Ball, location: 2F
0-1: SINGLE (Groundball, 6D)
Batting: LHB Francisco García 0-0: Ball
1-0: Foul Ball, location: 2F
1-1: SINGLE (Groundball, 25) (infield hit)
Roland Deschain to second
Batting: LHB Tadayoshi Watanabe 0-0: Called Strike
0-1: Ball
1-1: Ball
2-1: Swinging Strike
2-2: Strikes out swinging
Batting: RHB Randy Rehling 0-0: Ball
1-0: Ball
2-0: Ball
3-0: Called Strike
3-1: Fly out, F7 (Line Drive, 7)
Top of the 1st over - 0 runs, 2 hits, 0 errors, 2 left on base; Phoenix 0 - Atlanta 0
BOTTOM OF THE 1ST
Atlanta Smoke batting - Pitching for Phoenix Hotspur : RHP Miguel Rubia
Pitching: RHP Miguel Rubia
Batting: LHB Albert Morán 0-0: Foul Ball, location: 2F
0-1: Called Strike
0-2: Strikes out swinging
Batting: SHB Roku Hara 0-0: SINGLE (Groundball, 6MD)
Batting: SHB Valentín Guzmán 0-0: Ball
1-0: Called Strike
1-1: Foul Ball, location: 2F
1-2: Fly out, F4 (Flyball, 4MD)
Batting: RHB Gabriel Maldonado 0-0: Foul Ball, location: 2F
0-1: Called Strike
0-2: Ball
1-2: Foul Ball, location: 2F
1-2: Foul Ball, location: 2F
1-2: Strikes out looking
Bottom of the 1st over - 0 runs, 1 hit, 0 errors, 1 left on base; Phoenix 0 - Atlanta 0
TOP OF THE 2ND
Phoenix Hotspur batting - Pitching for Atlanta Smoke : RHP Valentín Rivera
Batting: LHB Harumi Takaki 0-0: SINGLE (Groundball, 6MD)
Batting: RHB Alfredo Pizarro 0-0: Ball
1-0: Swinging Strike
1-1: Grounds into double play, 6-4-3 (Groundball, 6)
Batting: LHB Wagaw Lukongolo 0-0: Called Strike
0-1: Foul Ball, location: 2F
0-2: Strikes out looking
Top of the 2nd over - 0 runs, 1 hit, 0 errors, 0 left on base; Phoenix 0 - Atlanta 0
BOTTOM OF THE 2ND
Atlanta Smoke batting - Pitching for Phoenix Hotspur : RHP Miguel Rubia
Batting: RHB Cristo González 0-0: Ball
1-0: Foul Ball, location: 2F
1-1: Ground out 5-3 (Groundball, 56)
Batting: SHB Raúl Duarte 0-0: Ball
1-0: Ball
2-0: Foul Ball, location: 2F
2-1: Foul Ball, location: 2F
2-2: Foul Ball, location: 2F
2-2: Ball
3-2: Strikes out swinging
Batting: LHB Jeff Lawson 0-0: Ball
1-0: Ground out 6-3 (Groundball, 6M)
Bottom of the 2nd over - 0 runs, 0 hits, 0 errors, 0 left on base; Phoenix 0 - Atlanta 0
TOP OF THE 3RD
Phoenix Hotspur batting - Pitching for Atlanta Smoke : RHP Valentín Rivera
Batting: RHB Julián De Paz 0-0: Ball
1-0: Called Strike
1-1: Fly out, F8 (Flyball, 8LXD)
Batting: RHB Kyle Bywaters 0-0: Swinging Strike
0-1: Ball
1-1: Foul Ball, location: 2F
1-2: Ground out 5-3 (Groundball, 56)
Batting: RHB Roland Deschain 0-0: Called Strike
0-1: Ball
1-1: Foul Ball, location: 2F
1-2: Foul Ball, location: 2F
1-2: SINGLE (Groundball, 56) (infield hit)
Batting: LHB Francisco García 0-0: Called Strike
0-1: Ball
1-1: Ball
2-1: Foul Ball, location: 2F
2-2: Fielders Choice at 2nd, 6-4 (Groundball, 56)
Top of the 3rd over - 0 runs, 1 hit, 0 errors, 1 left on base; Phoenix 0 - Atlanta 0
BOTTOM OF THE 3RD
Atlanta Smoke batting - Pitching for Phoenix Hotspur : RHP Miguel Rubia
Batting: RHB Pau Arria 0-0: Called Strike
0-1: Called Strike
0-2: Foul Ball, location: 2F
0-2: Strikes out looking
Batting: LHB Mike Pace 0-0: Ball
1-0: Called Strike
1-1: Ground out 3-1 (Groundball, 34)
Batting: LHB Albert Morán 0-0: Ball
1-0: Fly out, F8 (Line Drive, 89D)
Bottom of the 3rd over - 0 runs, 0 hits, 0 errors, 0 left on base; Phoenix 0 - Atlanta 0
TOP OF THE 4TH
Phoenix Hotspur batting - Pitching for Atlanta Smoke : RHP Valentín Rivera
Batting: LHB Tadayoshi Watanabe 0-0: Fly out, F8 (Line Drive, 8RS)
Batting: RHB Randy Rehling 0-0: Swinging Strike
0-1: Ball
1-1: Ball
2-1: Foul Ball, location: 2F
2-2: Ball
3-2: Foul Ball, location: 2F
3-2: Foul Ball, location: 2F
3-2: Ground out 6-3 (Groundball, 6)
Batting: LHB Harumi Takaki 0-0: Called Strike
0-1: Ball
1-1: Foul Ball, location: 2F
1-2: Ball
2-2: Ball
3-2: Ground out 5-3 (Groundball, 56)
Top of the 4th over - 0 runs, 0 hits, 0 errors, 0 left on base; Phoenix 0 - Atlanta 0
BOTTOM OF THE 4TH
Atlanta Smoke batting - Pitching for Phoenix Hotspur : RHP Miguel Rubia
Batting: SHB Roku Hara 0-0: Fly out, F6 (Line Drive, 6)
Batting: SHB Valentín Guzmán 0-0: Ground out U3 (Groundball, 34S)
Batting: RHB Gabriel Maldonado 0-0: Swinging Strike
0-1: Foul Ball, location: 2F
0-2: Ball
1-2: DOUBLE (Line Drive, 7LM)
Batting: RHB Cristo González 0-0: Ball
1-0: Fly out, F9 (Line Drive, 89M)
Bottom of the 4th over - 0 runs, 1 hit, 0 errors, 1 left on base; Phoenix 0 - Atlanta 0
TOP OF THE 5TH
Phoenix Hotspur batting - Pitching for Atlanta Smoke : RHP Valentín Rivera
Batting: RHB Alfredo Pizarro 0-0: Ball
1-0: Foul Ball, location: 2F
1-1: Ball
2-1: Ball
3-1: SINGLE (Groundball, 34D)
Batting: LHB Wagaw Lukongolo 0-0: Ball
1-0: SINGLE (Line Drive, 89S)
Alfredo Pizarro to second
Batting: RHB Julián De Paz 0-0: Called Strike
0-1: Ball
Wild Pitch!
Alfredo Pizarro to third
Wagaw Lukongolo to second
1-1: Ball
2-1: Foul Ball, location: 2F
2-2: Fly out, F8 (Flyball, 78D)
Runner from 3rd tags up, SCORES, no throw
Batting: RHB Kyle Bywaters 0-0: Swinging Strike
0-1: SINGLE (Groundball, 6MD)
Wagaw Lukongolo to third
Runner from 3rd tries for Home, SAFE, no throw
Batting: RHB Roland Deschain 0-0: Ball
Kyle Bywaters is caught stealing 2nd base
1-0: Ground out 6-3 (Groundball, 6)
Top of the 5th over - 2 runs, 3 hits, 0 errors, 0 left on base; Phoenix 2 - Atlanta 0
BOTTOM OF THE 5TH
Atlanta Smoke batting - Pitching for Phoenix Hotspur : RHP Miguel Rubia
Batting: SHB Raúl Duarte 0-0: Foul Ball, location: 2F
0-1: Ball
1-1: Foul Ball, location: 2F
1-2: Ground out U3 (Groundball, 34)
Batting: LHB Jeff Lawson 0-0: Foul Ball, location: 2F
0-1: DOUBLE (Line Drive, 78D)
Batting: RHB Pau Arria 0-0: Called Strike
0-1: Foul Ball, location: 2F
0-2: Fly out, F7 (Flyball, 78S)
Batting: LHB Mike Pace 0-0: Ground out 4-3 (Groundball, 4D)
Bottom of the 5th over - 0 runs, 1 hit, 0 errors, 1 left on base; Phoenix 2 - Atlanta 0
TOP OF THE 6TH
Phoenix Hotspur batting - Pitching for Atlanta Smoke : RHP Valentín Rivera
Batting: LHB Francisco García 0-0: Ball
1-0: Ball
2-0: Called Strike
2-1: Ground out 4-3 (Groundball, 4)
Batting: LHB Tadayoshi Watanabe 0-0: Called Strike
0-1: Ball
1-1: Swinging Strike
1-2: Ball
2-2: SINGLE (Groundball, 34D)
Batting: RHB Randy Rehling 0-0: Called Strike
0-1: Ball
1-1: Called Strike
1-2: Ball
2-2: SINGLE (Flyball, 89M)
Tadayoshi Watanabe to second
Batting: LHB Harumi Takaki 0-0: Ball
1-0: Called Strike
1-1: Ball
2-1: Foul Ball, location: 2F
2-2: Hit by Pitch
Tadayoshi Watanabe to third
Randy Rehling to second
Batting: RHB Alfredo Pizarro 0-0: Ball
1-0: Fly out, F5 (Popup, 25F)
Batting: LHB Wagaw Lukongolo 0-0: Ground out 1-3 (Groundball, 13S)
Top of the 6th over - 0 runs, 2 hits, 0 errors, 3 left on base; Phoenix 2 - Atlanta 0
BOTTOM OF THE 6TH
Atlanta Smoke batting - Pitching for Phoenix Hotspur : RHP Miguel Rubia
Batting: LHB Albert Morán 0-0: Called Strike
0-1: Ball
1-1: Called Strike
1-2: Ball
2-2: SINGLE (Line Drive, 6D)
Batting: SHB Roku Hara 0-0: Ball
1-0: Swinging Strike
1-1: Called Strike
1-2: Strikes out swinging
Batting: SHB Valentín Guzmán 0-0: Ball
1-0: Called Strike
1-1: Ball
2-1: Foul Ball, location: 2F
2-2: Ball
3-2: Strikes out swinging
Batting: RHB Gabriel Maldonado 0-0: Ball
1-0: Ball
2-0: Ball
3-0: Called Strike
3-1: Foul Ball, location: 2F
3-2: Ground out 5-3 (Groundball, 56S)
Bottom of the 6th over - 0 runs, 1 hit, 0 errors, 1 left on base; Phoenix 2 - Atlanta 0
TOP OF THE 7TH
Phoenix Hotspur batting - Pitching for Atlanta Smoke : RHP Valentín Rivera
Batting: RHB Julián De Paz 0-0: Called Strike
0-1: Foul Ball, location: 2F
0-2: Ball
1-2: Ball
2-2: Ball
3-2: Base on Balls
Batting: RHB Kyle Bywaters 0-0: Sac Bunt - play at first, batter OUT! 5-3
Julián De Paz to second
Batting: RHB Roland Deschain 0-0: Ball
1-0: Ground out 6-3 (Groundball, 6)
Batting: LHB Francisco García 0-0: Ball
1-0: Called Strike
1-1: Ball
2-1: Ball
3-1: Ground out 6-3 (Groundball, 6)
Top of the 7th over - 0 runs, 0 hits, 0 errors, 1 left on base; Phoenix 2 - Atlanta 0
BOTTOM OF THE 7TH
Atlanta Smoke batting - Pitching for Phoenix Hotspur : RHP Miguel Rubia
Batting: RHB Cristo González 0-0: Fly out, F9 (Line Drive, 89M)
Batting: SHB Raúl Duarte 0-0: Called Strike
0-1: Foul Ball, location: 2F
0-2: Strikes out swinging
Batting: LHB Jeff Lawson 0-0: Ground out 6-3 (Groundball, 6)
Bottom of the 7th over - 0 runs, 0 hits, 0 errors, 0 left on base; Phoenix 2 - Atlanta 0
TOP OF THE 8TH
Phoenix Hotspur batting - Pitching for Atlanta Smoke : RHP Valentín Rivera
Batting: LHB Tadayoshi Watanabe 0-0: Ground out 4-3 (Groundball, 4)
Batting: RHB Randy Rehling 0-0: Swinging Strike
0-1: Foul Ball, location: 2F
0-2: Ball
1-2: DOUBLE (Flyball, 89D)
Batting: LHB Harumi Takaki 0-0: Intentional Walk
Pitching: RHP Miguel Aguilar
Batting: RHB Alfredo Pizarro 0-0: Called Strike
0-1: Ball
1-1: Foul Ball, location: 2F
1-2: SINGLE (Flyball, 78S)
Randy Rehling to third
Harumi Takaki to second
Batting: LHB Wagaw Lukongolo 0-0: Foul Ball, location: 2F
0-1: Foul Ball, location: 2F
0-2: Ball
1-2: Strikes out looking
Batting: RHB Julián De Paz 0-0: Foul Ball, location: 2F
0-1: Foul Ball, location: 2F
0-2: Foul Ball, location: 2F
0-2: Strikes out swinging
Top of the 8th over - 0 runs, 2 hits, 0 errors, 3 left on base; Phoenix 2 - Atlanta 0
BOTTOM OF THE 8TH
Atlanta Smoke batting - Pitching for Phoenix Hotspur : RHP Miguel Rubia
Batting: RHB Pau Arria 0-0: Ball
1-0: Foul Ball, location: 2F
1-1: SINGLE (Line Drive, 56)
Batting: LHB Mike Pace 0-0: Ball
1-0: Called Strike
1-1: Foul Ball, location: 2F
1-2: Ball
2-2: Strikes out swinging
Batting: LHB Albert Morán 0-0: Called Strike
0-1: Ball
1-1: Foul Ball, location: 2F
1-2: Ground out 5-3 (Groundball, 56S)
Pau Arria to second
Batting: SHB Roku Hara 0-0: Ball
1-0: Swinging Strike
1-1: Ground out 4-3 (Groundball, 4)
Bottom of the 8th over - 0 runs, 1 hit, 0 errors, 1 left on base; Phoenix 2 - Atlanta 0
TOP OF THE 9TH
Phoenix Hotspur batting - Pitching for Atlanta Smoke : RHP Miguel Aguilar
Batting: RHB Kyle Bywaters 0-0: Swinging Strike
0-1: SINGLE (Line Drive, 4M)
Batting: RHB Roland Deschain 0-0: Called Strike
0-1: Ball
1-1: Ball
2-1: Ball
3-1: Sac Bunt - play at first, batter OUT! 1-4
Kyle Bywaters to second
Batting: LHB Francisco García 0-0: Called Strike
0-1: Called Strike
0-2: Ball
1-2: Foul Ball, location: 2F
1-2: Ball
2-2: Fly out, F8 (Line Drive, 8RM)
Batting: LHB Tadayoshi Watanabe 0-0: Ball
1-0: Ground out U3 (Groundball, 34)
Top of the 9th over - 0 runs, 1 hit, 0 errors, 1 left on base; Phoenix 2 - Atlanta 0
BOTTOM OF THE 9TH
Atlanta Smoke batting - Pitching for Phoenix Hotspur : RHP Miguel Rubia
Batting: SHB Valentín Guzmán 0-0: Ball
1-0: SOLO HOME RUN (Flyball, 9D), Distance : 380 ft
Pitching: RHP Santiago Alonza
Batting: RHB Gabriel Maldonado 0-0: Ball
1-0: Ball
2-0: Ball
3-0: Called Strike
3-1: Base on Balls
Batting: RHB Cristo González 0-0: Called Strike
0-1: Ball
1-1: Foul Ball, location: 2F
1-2: Strikes out swinging
Batting: SHB Raúl Duarte 0-0: Ball
1-0: Ball
2-0: Foul Ball, location: 2F
2-1: Ball
3-1: Base on Balls
Gabriel Maldonado to second
Batting: LHB Jeff Lawson 0-0: Called Strike
0-1: Ball
1-1: Ball
2-1: Called Strike
2-2: Foul Ball, location: 2F
2-2: Strikes out swinging
Pinch Hitting: LHB Christian Blair 0-0: Foul Ball, location: 2F
0-1: Foul Ball, location: 2F
0-2: Strikes out swinging
Bottom of the 9th over - 1 run, 1 hit, 0 errors, 2 left on base; Phoenix 2 - Atlanta 1
Tuesday, June 12th, 2018 - OOTP Baseball 18.8 Build 76